 Dungeon Crawl Stone Soup version 0.23-b1 (webtiles) character file.

Game seed: 8656054392776679034

898 Forgol the Slasher (level 7, -12/62 HPs)
             Began as a Minotaur Berserker on Jan 31, 2019.
             Was a Priest of Trog.
             Mangled by an orc warrior
             ... wielding a +0 dire flail
              (20 damage)
             ... on level 6 of the Dungeon.
             The game lasted 00:09:10 (4744 turns).

Forgol the Slasher (Minotaur Berserker)             Turns: 4744, Time: 00:09:10

Health: -12/62     AC: 12    Str: 23    XL:     7   Next: 79%
Magic:  6/6        EV: 10    Int:  4    God:    Trog [***...]
Gold:   250        SH:  0    Dex: 10    Spells: 6/6 levels left

rFire    . . .     SeeInvis .   k - +2 long sword
rCold    . . .     Gourm    .   (no shield)
rNeg     . . .     Faith    .   q - +1 chain mail
rPois    .         Spirit   .   (helmet restricted)
rElec    .         Reflect  .   (no cloak)
rCorr    .         Harm     .   j - +0 pair of gloves
MR       .....                  (no boots)
Stlth    ..........             (no amulet)
HPRegen  0.20/turn              (no ring)
MPRegen  0.10/turn              (no ring)

@: berserk cooldown, slowed, very slow
A: retaliatory headbutt, horns 2
a: Berserk, Trog's Hand, Renounce Religion


You were on level 6 of the Dungeon.
You worshipped Trog.
Trog was most pleased with you.
You were very hungry.

You visited 1 branch of the dungeon, and saw 6 of its levels.

You collected 250 gold pieces.

Inventory:

Hand Weapons
 a - a +0 falchion
 k - a +2 long sword (weapon)
Missiles
 n - 7 tomahawks (quivered)
 v - 4 exploding tomahawks
Armour
 j - a +0 pair of gloves (worn)
 q - a +1 chain mail (worn)
Wands
 b - a wand of polymorph (9)
 o - a wand of disintegration (13)
 p - a wand of paralysis (4)
Scrolls
 h - a scroll of identify
 l - a scroll of remove curse
 r - 3 scrolls of teleportation
 s - a scroll of random uselessness {unknown}
Potions
 d - 3 potions of curing
 e - a potion of experience {unknown}
 f - 3 potions of invisibility
 g - a potion of flight {unknown}
 i - a potion of magic {unknown}
 m - 2 potions of degeneration
 t - a potion of mutation {unknown}
 u - a potion of might {unknown}
Comestibles
 c - 8 rations


   Skills:
 + Level 5.9 Fighting
 * Level 7.5 Long Blades
 + Level 5.2 Armour
 + Level 4.7 Dodging
 + Level 1.2 Evocations


You had 6 spell levels left.
You didn't know any spells.
Your spell library was empty.

Dungeon Overview and Level Annotations

Branches:
Dungeon (6/15)             Temple (0/1) D:6

Altars:
Kikubaaqudgha
Uskayaw


Innate Abilities, Weirdness & Mutations

You reflexively headbutt those who attack you in melee.
You have a pair of horns on your head.


Message History

You are no longer berserk.
You are exhausted.
You feel yourself slow down. The orc hits you but does no damage.
The orc hits you with a +0 flail.
The orc warrior hits you with a +0 dire flail!!
You closely miss the orc priest. Your headbutt misses the orc priest.
The orc priest is severely wounded.
The orc priest hits you but does no damage.
The orc completely misses you. The orc barely misses you.
The orc warrior hits you with a +0 dire flail!
The orc priest hits you but does no damage.
You hit the orc priest.
You kill the orc priest!
Trog accepts your kill. The orc hits you but does no damage.
The orc warrior hits you with a +0 dire flail!
* * * LOW HITPOINT WARNING * * *
The orc hits you but does no damage. x2
The orc warrior hits you with a +0 dire flail!!
You die...

##############
#####..)).#......#
#......##.........
##......##(@)......
####.......##ooo......
###..........##.........
....###.....>##....?....
#######......##.........
# ###........###........
#..........# .........
###..##......# .........
....##########


You could see an orc warrior and 2 orcs.

Vanquished Creatures
  A necrophage (D:5)
  A bullfrog (D:6)
  2 scorpions
  A crimson imp (D:3)
  2 hounds
  5 orc priests
  A bullfrog skeleton (D:5)
  4 orc wizards
  A worker ant (D:5)
  7 adders
  7 gnolls
  An ooze (D:3)
  A worm (D:2)
  A dart slug (D:3)
  2 leopard geckos
  22 orcs
  3 bat zombies (D:3)
  3 giant cockroaches
  8 goblins
  4 hobgoblins
  3 jackals (D:5)
  3 quokkas
  A bat (D:2)
  3 frilled lizards
  8 kobolds
  11 rats
106 creatures vanquished.

Notes
Turn   | Place    | Note
-------+----------+-------------------------------------------
     0 | D:1      | Forgol the Minotaur Berserker began the quest for the Orb.
     0 | D:1      | Reached XP level 1. HP: 19/19 MP: 0/0
   587 | D:1      | Reached XP level 2. HP: 27/27 MP: 1/1
   771 | D:1      | Reached skill level 4 in Long Blades
  1245 | D:2      | Reached XP level 3. HP: 30/33 MP: 2/2
  1629 | D:2      | Reached XP level 4. HP: 28/40 MP: 3/3
  2005 | D:3      | Reached ** piety under Trog
  2145 | D:3      | Reached skill level 5 in Long Blades
  2284 | D:3      | Found an ancient bone altar of Kikubaaqudgha.
  2307 | D:3      | Noticed a +0 dagger
  2307 | D:3      | Noticed a +0 dagger
  2308 | D:3      | Found a hide-covered altar of Uskayaw.
  2468 | D:3      | Reached XP level 5. HP: 30/47 MP: 4/4
  3287 | D:4      | Reached XP level 6. HP: 55/55 MP: 5/5
  3287 | D:4      | Reached *** piety under Trog
  3357 | D:4      | Reached skill level 5 in Fighting
  3357 | D:4      | Reached skill level 6 in Long Blades
  4060 | D:5      | Entered Level 5 of the Dungeon
  4068 | D:5      | Reached XP level 7. HP: 61/61 MP: 6/6
  4226 | D:5      | Reached skill level 7 in Long Blades
  4406 | D:5      | Reached skill level 5 in Armour
  4611 | D:6      | Found a staircase to the Ecumenical Temple.
  4732 | D:6      | Reached skill level 1 in Evocations
  4738 | D:6      | Received a gift from Trog
  4744 | D:6      | Mangled by an orc warrior

Skill      XL: |  1  2  3  4  5  6  7 |
---------------+----------------------+-----
Long Blades    | 4 5 6 7 |  7.5
Fighting       | 4 5 |  5.9
Armour         | 3 4 5 |  5.2
Dodging        | 3 4 |  4.7
Evocations     | 1 |  1.2

Action                   |  1- 3 |  4- 6 |  7- 9 || total
-------------------------+-------+-------+-------++-------
Melee: Falchion          |    21 |       |       ||    21
       Headbutt          |     9 |    13 |    11 ||    33
       Long sword        |    13 |   108 |    41 ||   162
Invok: Berserk           |     2 |     5 |     2 ||     9
  Use: Scroll            |       |     9 |     2 ||    11
       Potion            |       |     2 |       ||     2
  Eat: Chunk             |     2 |    13 |     4 ||    19
Armor: Animal skin       |     6 |     5 |       ||    11
       Ring mail         |       |     6 |       ||     6
       Chain mail        |       |    10 |    17 ||    27
Dodge: Dodged            |    24 |    68 |    25 ||   117
       Rpst.: Falchion   |     7 |       |       ||     7
       Long sword        |     3 |    14 |     5 ||    22
